Map: Mothership LE

Players

Cure

  • Race: Terran Terran

Solar - Winner!

  • Race: Zerg Zerg

VOD

Have the link to the VOD?

Description

Time

  • Played on: Jan. 16, 2026, 11:53 p.m.
  • Length: 12:38
Show
View Real Time Build Order
Export as new Build Order

Cure Terran 

Build Orders:  

Get SALT Encoding   

  12  0:00  SCV  
  13  0:12  SCV  
  14  0:17  Supply Depot  
  14  0:24  SCV  
  15  0:38  SCV  
  15  0:40  Barracks  
  16  0:51  SCV  
  16  0:54  Barracks  
  17  1:03  SCV  
  18  1:15  SCV  
  18  1:16  Refinery  
  19  1:27  Marine, Orbital Command  
  20  1:34  Supply Depot  
  20  1:41  Marine  
  20  1:44  Marine  
  22  1:54  SCV  
  23  1:58  Marine  
  24  2:02  Marine  
  24  2:06  SCV  
  26  2:15  Command Center  
  26  2:18  Marine  
  26  2:20  SCV  
  28  2:32  Factory  
  28  2:33  SCV  
  29  2:39  Refinery  
  29  2:41  Barracks Reactor  
  29  2:45  Barracks Tech Lab  
  29  2:46  SCV  
  30  2:52  Supply Depot  
  30  2:58  Bunker, SCV  
  31  3:13  Marine  
  31  3:14  SCV  
  31  3:17  Starport  
  31  3:18  Factory Tech Lab  
  31  3:19  Marine x2  
  34  3:26  SCV  
  36  3:28  Orbital Command  
  36  3:38  Marine  
  36  3:39  Stimpack, Marine  
  36  3:41  Marine  
  38  3:46  SCV  
  34  3:56  SCV  
  34  3:58  SCV  
  34  4:00  Cloaking Field  
  34  4:02  Marine x3  
  38  4:07  Factory Reactor  
  38  4:09  SCV  
  40  4:10  SCV  
  40  4:15  Banshee  
  44  4:19  Supply Depot  
  44  4:20  Marine  
  44  4:21  SCV  
  44  4:22  Marine, SCV  
  44  4:23  Marine  
  49  4:26  Factory Reactor  
  49  4:33  SCV  
  49  4:34  SCV  
  49  4:38  Marine, Supply Depot  
  52  4:39  Marine  
  52  4:41  Marine  
  52  4:45  SCV  
  55  4:46  SCV  
  55  4:50  Supply Depot  
  56  4:55  Marine  
  56  4:57  SCV, Marine  
  56  4:58  Armory  
  56  4:59  SCV, Marine  
  61  5:04  Hellion x2  
  61  5:05  Medivac  
  67  5:12  Supply Depot  
  67  5:15  Marine x2  
  67  5:16  Marine  
  70  5:25  Hellion x2  
  74  5:28  Supply Depot  
  74  5:30  SCV x2  
  74  5:34  Supply Depot  
  76  5:40  Marine x3  
  79  5:44  SCV x2  
  79  5:45  Medivac  
  79  5:48  Supply Depot  
  79  5:49  Hellion  
  85  5:51  Hellion  
  73  5:58  Marine x3  
  73  6:02  Supply Depot  
  71  6:10  Hellion  
  73  6:12  Hellion  
  73  6:15  Medivac  
  73  6:16  Marine x2  
  73  6:17  Barracks Tech Lab  
  79  6:32  Hellion  
  81  6:33  Hellion  
  81  6:34  Marine x2, Command Center, Engineering Bay  
  81  6:36  Engineering Bay  
  81  6:37  Marine, Combat Shield  
  86  6:42  SCV x2  
  88  6:51  Marine x2  
  87  6:55  Marine  
  82  7:02  Hellion  
  82  7:03  Hellion  
  82  7:04  Medivac  
  82  7:08  SCV x2  
  88  7:09  Marine x2  
  88  7:12  Marine  
  88  7:13  Terran Infantry Weapons Level 1  
  88  7:14  Refinery, Terran Infantry Armor Level 1  
  88  7:15  Refinery  
  91  7:26  Barracks  
  91  7:27  Marine x2  
  91  7:28  Barracks  
  91  7:29  Barracks  
  93  7:30  Marine  
  93  7:32  Hellion  
  93  7:33  Hellion  
  93  7:34  SCV  
  93  7:35  SCV  
  100  7:42  Medivac  
  102  7:45  Marine x2  
  102  7:47  Orbital Command  
  102  7:48  Marine  
  85  8:03  Marine x2  
  86  8:06  Marine  
  86  8:10  Hellion x2, SCV  
  86  8:11  SCV  
  81  8:15  Barracks Reactor x2  
  81  8:16  Barracks Reactor  
  81  8:18  Barracks  
  81  8:20  Barracks, Marine  
  81  8:25  Marine x2, Barracks  
  84  8:34  SCV x2  
  84  8:38  Orbital Command, Marine, Factory Reactor  
  87  8:41  Medivac x2  
  87  8:43  Marine x2  
  87  8:46  SCV x2  
  95  8:51  Marine  
  95  8:52  Marine  
  97  8:58  SCV  
  97  8:59  SCV, Marine x5  
  97  9:01  Factory, Marine  
  105  9:04  SCV  
  105  9:06  Barracks Tech Lab x2  
  105  9:09  Terran Infantry Weapons Level 2, Terran Infantry Armor Level 2  
  106  9:10  SCV  
  106  9:11  SCV  
  106  9:14  Marine x4  
  106  9:15  Medivac x2  
  106  9:16  Widow Mine  
  118  9:27  Bunker  
  118  9:28  Sensor Tower  
  118  9:29  Supply Depot  
  118  9:32  Marauder x2  
  118  9:35  Concussive Shells  
  122  9:38  Marine x2  
  122  9:39  Supply Depot x2  
  122  9:42  Widow Mine  
  126  9:49  Widow Mine, Factory Tech Lab  
  126  9:50  Marine x2, Marauder  
  132  10:04  Widow Mine  
  132  10:05  Marauder x3  
  140  10:10  Widow Mine  
  140  10:11  Marauder  
  144  10:18  Marine x2  
  144  10:19  Marine x2  
  148  10:23  Drilling Claws, Widow Mine  
  148  10:26  Marauder  
  156  10:30  Medivac x2  
  156  10:32  Supply Depot  
  156  10:33  Supply Depot  
  156  10:39  Marine  
  157  10:44  Marine  
  157  10:45  Marine  
  157  10:53  Marine x4, Marauder  
  157  10:54  Marine  
  157  10:55  Widow Mine x2  
  157  10:57  Marine  
  170  10:59  Widow Mine  
  173  11:09  Supply Depot x2  
  173  11:11  Supply Depot  
  173  11:13  Marine x5  
  173  11:16  Command Center  
  172  11:21  Marine  
  173  11:30  Marine x3  
  173  11:31  Marauder x2, Widow Mine x2  
  156  11:43  Marine x4  
  156  11:44  Marauder, Widow Mine  
  156  11:45  Medivac  
  160  11:48  Marauder  
  160  11:52  Widow Mine x2  
  158  11:59  Marine x2  
  158  12:00  Marine x2, Marauder x2  
  152  12:02  Medivac  
  152  12:06  Widow Mine, Marine x3  
  159  12:14  Marine x2, Widow Mine x2, Marauder  
  162  12:17  Marine x2  
Show
View Real Time Build Order
Export as new Build Order

Solar Zerg - Winner!

Build Orders: Hatch First 

Get SALT Encoding   

  12  0:00  Drone  
  13  0:07  Drone  
  14  0:14  Extractor  
  14  0:15  Drone  
  15  0:21  Overlord  
  15  0:40  Drone  
  16  0:45  Hatchery  
  16  0:49  Drone  
  16  0:53  Drone  
  16  0:56  Drone  
  18  1:06  Extractor  
  17  1:12  Spawning Pool  
  17  1:15  Drone  
  17  1:18  Drone  
  18  1:27  Drone  
  19  1:37  Drone  
  20  1:47  Drone  
  21  1:58  Queen x2  
  21  2:00  Zergling x4  
  27  2:09  Drone  
  27  2:10  Overlord  
  27  2:13  Metabolic Boost  
  28  2:30  Hatchery  
  28  2:32  Drone  
  28  2:33  Drone  
  28  2:36  Zergling x2  
  30  2:40  Zergling x2  
  31  2:45  Overlord  
  31  2:52  Queen  
  31  2:55  Zergling x2  
  31  2:58  Zergling x2  
  35  2:59  Zergling x2  
  35  3:04  Drone x2  
  38  3:10  Drone x3  
  38  3:12  Drone  
  42  3:14  Overlord  
  42  3:16  Drone  
  42  3:17  Drone  
  44  3:27  Hatchery  
  44  3:28  Drone  
  44  3:36  Queen  
  44  3:40  Drone  
  44  3:41  Drone x2  
  46  3:42  Drone  
  46  3:44  Drone  
  46  3:46  Drone  
  46  3:47  Drone  
  50  3:49  Drone  
  50  3:52  Overlord  
  50  3:57  Overlord  
  50  4:08  Queen  
  52  4:11  Drone x4  
  52  4:14  Queen  
  58  4:17  Drone  
  58  4:18  Drone  
  58  4:19  Zergling x2  
  58  4:20  Zergling x2  
  58  4:22  Overlord  
  62  4:27  Drone  
  63  4:32  Zergling x2, Evolution Chamber  
  63  4:37  Drone  
  64  4:39  Queen  
  64  4:40  Zergling x2  
  64  4:45  Zergling x8  
  71  4:48  Zergling x6  
  74  4:52  Queen  
  74  4:55  Overlord  
  74  4:57  Zergling x2  
  77  5:01  Zerg Ground Armor Level 1  
  77  5:02  Drone  
  77  5:05  Zergling x2  
  77  5:06  Zergling x2  
  80  5:10  Extractor  
  80  5:12  Drone  
  80  5:14  Overlord  
  80  5:16  Baneling Nest  
  80  5:20  Drone  
  80  5:21  Drone x2  
  82  5:22  Zergling x2  
  82  5:23  Zergling x8  
  82  5:28  Overlord  
  87  5:29  Zergling x6  
  87  5:32  Zergling x4  
  90  5:38  Spore Crawler  
  90  5:40  Drone, Spore Crawler  
  90  5:41  Lair  
  87  5:44  Drone x2  
  87  5:49  Drone  
  89  5:51  Drone x2  
  89  5:52  Drone  
  89  5:53  Drone  
  89  5:55  Spore Crawler  
  89  5:56  Drone  
  83  5:59  Drone  
  83  6:05  Drone x4  
  83  6:07  Drone  
  83  6:09  Drone  
  83  6:10  Drone  
  88  6:13  Drone  
  88  6:20  Drone x3  
  84  6:26  Baneling Nest  
  84  6:29  Queen  
  84  6:30  Spine Crawler  
  85  6:32  Zergling x2  
  85  6:33  Zergling x8  
  85  6:34  Zergling x2  
  85  6:37  Zergling x2  
  92  6:43  Zergling x2  
  92  6:44  Zergling x8  
  97  6:48  Overlord  
  96  6:55  Zergling x10  
  96  6:57  Queen  
  96  7:01  Zerg Melee Weapons Level 1  
  99  7:03  Zergling x8  
  102  7:11  Zergling x4  
  102  7:13  Drone  
  102  7:14  Drone  
  102  7:16  Zergling x4  
  102  7:21  Extractor x2, Centrifugal Hooks  
  102  7:23  Baneling x7  
  102  7:24  Drone x2  
  102  7:27  Overlord  
  102  7:28  Zergling x6  
  102  7:29  Baneling  
  106  7:33  Hatchery  
  106  7:34  Zergling x2  
  106  7:37  Overlord  
  106  7:38  Overlord  
  106  7:40  Extractor  
  105  7:46  Drone x2  
  105  7:47  Baneling x2  
  105  7:49  Baneling x3  
  105  7:54  Zergling x2  
  105  7:57  Queen x2  
  97  7:59  Zergling x12  
  97  8:00  Queen  
  97  8:03  Zergling x4  
  102  8:07  Zergling x6  
  102  8:10  Baneling x3  
  102  8:12  Zergling x6  
  104  8:19  Zergling x2  
  105  8:21  Hydralisk Den  
  105  8:23  Drone x2  
  105  8:26  Drone  
  108  8:27  Zergling x4, Overlord  
  108  8:28  Zergling x4  
  108  8:29  Baneling x7  
  108  8:31  Drone  
  108  8:33  Overseer  
  113  8:35  Zergling x6  
  113  8:37  Zergling x2  
  113  8:41  Zergling x2  
  115  8:42  Baneling x6  
  115  8:46  Zergling x8  
  119  8:53  Zergling x8  
  119  8:55  Grooved Spines, Drone x2  
  124  8:56  Drone  
  124  8:59  Drone x2  
  124  9:00  Drone  
  129  9:04  Zerg Ground Armor Level 2  
  129  9:06  Drone  
  129  9:07  Drone  
  129  9:09  Zergling x10  
  136  9:11  Evolution Chamber  
  136  9:16  Extractor  
  134  9:18  Hydralisk x3, Baneling x2  
  134  9:20  Drone x2  
  134  9:21  Drone  
  134  9:23  Overlord  
  143  9:28  Overlord  
  143  9:39  Overlord x2  
  143  9:40  Overlord  
  143  9:41  Zerg Melee Weapons Level 2  
  143  9:43  Drone  
  143  9:44  Drone, Hatchery  
  143  9:45  Muscular Augments  
  144  9:46  Drone  
  144  9:47  Drone x2, Hydralisk  
  144  9:51  Hydralisk  
  151  9:53  Zergling x6  
  151  9:57  Hydralisk x2  
  158  10:01  Hydralisk x2  
  158  10:03  Zergling x4  
  158  10:06  Zergling x8  
  168  10:08  Hydralisk  
  168  10:09  Zergling x2  
  168  10:13  Baneling x5  
  169  10:16  Overlord  
  169  10:17  Drone x2  
  171  10:23  Hydralisk x6  
  171  10:28  Baneling x2  
  180  10:31  Zergling x8  
  180  10:35  Overlord  
  183  10:41  Hatchery  
  183  10:42  Zergling x14  
  189  10:45  Zergling x6  
  189  10:47  Hydralisk  
  189  10:48  Zergling x2  
  192  10:50  Baneling x3  
  192  10:52  Overseer  
  192  10:53  Overlord  
  186  10:57  Zergling x12  
  188  11:05  Zergling x10  
  188  11:08  Hydralisk x3  
  188  11:09  Zergling x2  
  188  11:11  Baneling x4  
  199  11:22  Overseer  
  199  11:36  Zergling x14  
  199  11:37  Zergling x12  
  199  11:39  Zergling x6  
  186  11:47  Zergling x20  
  186  11:49  Baneling x5  
  186  11:51  Zergling x2  
  186  11:52  Zergling x4  
  192  11:55  Zergling x2  
  192  11:59  Hydralisk  
  195  12:04  Baneling x9  
  195  12:05  Hydralisk x2  
  198  12:14  Infestation Pit  
  198  12:15  Zergling x6  
  186  12:20  Zergling x14  
Tags
 
Matchup
TvZ
Replay Pack
Multiplayer
Add a new tag
Caveats
  • Supply blocks, unpowered buildings, or Contaminate may cause inaccurate times.
  • Supply counts are checked every 10 seconds.